Map: Ephemeron LE

Players

Itisadoosh - Winner!

  • Race: Zerg Zerg
  • Spawn Location: 11:00

xSaintApocx

  • Race: Terran Terran
  • League: Silver
  • Spawn Location: 5:00

VOD

Have the link to the VOD?

Description

Time

  • Played on: Nov. 27, 2019, 1:19 a.m.
  • Length: 5:58
Show
View Real Time Build Order
Export as new Build Order

Itisadoosh Zerg - Winner!

Build Orders: 1 Base Baneling Bust, Pool First, Zergling Baneling 

Get SALT Encoding   

  12  0:01  Drone  
  13  0:10  Drone  
  14  0:18  Extractor  
  14  0:20  Drone  
  14  0:34  Spawning Pool  
  13  0:36  Drone  
  14  0:45  Overlord  
  14  1:05  Drone x3  
  17  1:20  Queen  
  19  1:29  Zergling x2  
  19  1:30  Zergling x2  
  21  1:37  Overlord  
  21  1:40  Metabolic Boost  
  21  1:51  Zergling x2  
  22  2:02  Zergling x2  
  23  2:10  Zergling x2  
  24  2:20  Baneling Nest  
  24  2:21  Zergling x2  
  24  2:36  Zergling x4  
  24  2:37  Zergling x2  
  27  2:44  Zergling x2  
  27  2:51  Zergling x2  
  29  3:00  Zergling x2  
  30  3:07  Baneling x3  
  30  3:08  Baneling x4  
  30  3:11  Hatchery  
  29  3:18  Zergling x2  
  30  3:22  Overlord x2  
  19  4:14  Baneling x2  
  19  4:16  Zergling x6  
  19  4:17  Zergling x6  
  24  4:23  Zergling x2  
  25  4:41  Zergling x8  
  29  4:51  Zergling x4  
  29  4:52  Zergling x2  
  32  4:57  Baneling  
  32  4:58  Baneling x6  
  32  5:03  Zergling x2  
  32  5:05  Zergling x4  
  32  5:06  Zergling x2  
  36  5:12  Zergling x2  
  37  5:16  Zergling x2  
Show
View Real Time Build Order
Export as new Build Order

xSaintApocx Terran 

Build Orders:  

Get SALT Encoding   

  12  0:01  SCV  
  13  0:13  SCV  
  14  0:25  SCV  
  15  0:33  Supply Depot  
  15  0:37  Supply Depot  
  15  0:54  SCV  
  15  0:55  Barracks  
  16  1:01  Barracks  
  16  1:42  Command Center  
  16  1:48  Marine  
  16  1:49  Marine  
  18  1:56  Orbital Command  
  18  2:04  Engineering Bay  
  18  2:09  Refinery  
  18  2:14  Refinery  
  18  2:30  Marine x2  
  20  2:47  Marine  
  20  2:48  Marine  
  22  3:01  Refinery  
  22  3:02  SCV  
  23  3:14  SCV  
  23  3:16  Marine x2  
  26  3:24  Refinery  
  26  3:26  SCV  
  27  3:34  Marine x2  
  29  3:52  Marine  
  20  4:16  Planetary Fortress  
  20  4:29  Supply Depot  
  20  4:32  Marine x2  
  17  4:40  SCV  
  18  4:50  Marine x2  
  18  4:52  SCV  
  21  5:04  Factory, SCV  
  21  5:06  SCV  
  23  5:08  Marine x2  
  25  5:16  SCV  
  25  5:18  SCV  
  27  5:26  Marine  
Tags
 
Add a new tag
Caveats
  • Supply blocks, unpowered buildings, or Contaminate may cause inaccurate times.
  • Supply counts are checked every 10 seconds.